AoeStats
← Sosshec

Lombardia

507206215Analyzed
4v4 RM · 17d ago on Sep 17, 2026· 43m 50s· 8 players
Game mode
Random Map
Map size
Large (8 player)
Population
200
Speed
Normal
Resources
Standard
Victory
Conquest
Starting age
Dark Age
Ending age
Imperial Age
RankedLock teamsTeams togetherTeam positionsShared explorationLock speedFull tech treeHidden civsTurbo modeCheats
Victory
Defeat
🇲🇽 Turks · Mexico
929
+13
🇨🇳 Huns · China
812
+18
🇮🇳 Vietnamese · India
807
+18
🇲🇽 Khmer · Mexico
802
+18
🇨🇱 Magyars · Chile
878
-18
🇺🇸 Romans · United States
868
-17
🇬🇹 Slavs · Guatemala
858
-17
🇨🇱 Teutons · Chile
818
-15
M3TAL JUNKI3xXx
0:36 Loom
12:36 Feudal Age
13:08 Double-Bit Axe
13:05 Horse Collar
13:13 Town Watch
17:07 Man-at-Arms
17:51 Scale Mail Armor
17:43 Fletching
26:15 Castle Age
26:49 Forging
26:39 Padded Archer Armor
26:49 Gold Mining
26:50 Stone Mining
27:39 Wheelbarrow
27:53 Bow Saw
27:46 Heavy Plow
28:27 Gold Shaft Mining
27:34 Long Swordsman
28:49 Squires
28:10 Pikeman
29:12 Chain Mail Armor
38:53 Ballistics
38:30 Murder Holes
44:27 Imperial Age
42:13 Hand Cart
Sosshec
7:30 Loom
14:03 Feudal Age
14:40 Double-Bit Axe
14:38 Horse Collar
22:26 Castle Age
22:58 Bloodlines
23:34 Light Cavalry
24:47 Heavy Plow
26:53 Wheelbarrow
26:40 Scale Barding Armor
30:56 Husbandry
36:53 Detinets
40:36 Forging
40:27 Scale Mail Armor
40:47 Chain Barding Armor
Fenixx
0:40 Loom
13:13 Feudal Age
15:04 Wheelbarrow
14:14 Town Watch
14:19 Double-Bit Axe
14:16 Horse Collar
18:35 Man-at-Arms
19:43 Gold Mining
19:44 Stone Mining
25:39 Castle Age
26:01 Scale Barding Armor
26:15 Bloodlines
27:06 Chain Barding Armor
26:48 Husbandry
27:09 Hand Cart
27:20 Heavy Plow
31:32 Fervor
32:30 Caravan
33:43 Gold Shaft Mining
33:48 Bow Saw
37:29 Imperial Age
35:02 Treadmill Crane
36:04 Corvinian Army
37:31 Elite Magyar Huszar
38:34 Conscription
39:13 Plate Barding Armor
40:00 Two-Man Saw
39:32 Crop Rotation
Cyphh
12:33 Feudal Age
12:37 Man-at-Arms
13:21 Double-Bit Axe
14:25 Horse Collar
21:23 Castle Age
20:19 Stone Mining
20:22 Gold Mining
22:47 Forging
22:52 Bow Saw
23:20 Stone Shaft Mining
22:09 Pikeman
24:21 Wheelbarrow
25:18 Loom
29:38 Hand Cart
29:09 Town Watch
30:12 Redemption
30:57 Scale Barding Armor
34:31 Imperial Age
32:29 Heavy Plow
34:17 Caravan
34:37 Squires
34:23 Gambesons
34:24 Arson
34:57 Bloodlines
36:36 Chemistry
35:00 Halberdier
35:03 Cavalier
36:20 Crop Rotation
36:35 Town Patrol
40:28 Two-Man Saw
El Tlatoani
2:57 Loom
10:59 Feudal Age
18:16 Castle Age
16:57 Double-Bit Axe
19:31 Bow Saw
22:02 Man-at-Arms
31:27 Bloodlines
31:17 Husbandry
34:54 Imperial Age
33:00 Wheelbarrow
35:45 Hand Cart
35:52 Thumb Ring
36:00 Gold Mining
37:37 Conscription
38:19 Heavy Camel Rider
soytupadreelgabo
13:35 Feudal Age
14:02 Double-Bit Axe
14:02 Horse Collar
14:19 Gold Mining
17:47 Stone Mining
20:54 Castle Age
20:34 Fletching
22:41 Bow Saw
22:34 Heavy Plow
23:14 Stone Shaft Mining
23:18 Gold Shaft Mining
31:04 Wheelbarrow
32:36 Bodkin Arrow
32:43 Scale Mail Armor
32:27 Pikeman
41:10 Imperial Age
41:21 Heavy Scorpion
Black Wolf
4:53 Loom
13:53 Feudal Age
14:54 Double-Bit Axe
16:01 Wheelbarrow
16:44 Gold Mining
16:50 Gold Mining
22:09 Castle Age
22:11 Bloodlines
22:11 Fletching
22:21 Padded Archer Armor
22:07 Horse Collar
23:47 Hand Cart
23:15 Elite Skirmisher
23:56 Stone Mining
24:52 Husbandry
25:17 Town Watch
26:27 Heavy Plow
29:44 Bodkin Arrow
32:10 Chatras
32:18 Scale Barding Armor
32:29 Leather Archer Armor
33:27 Stone Shaft Mining
33:46 Town Patrol
34:44 Bow Saw
34:47 Caravan
36:17 Ballistics
38:47 Imperial Age
36:49 Forging
38:09 Murder Holes
38:25 Fortified Wall
42:19 Chemistry
41:25 Siege Engineers
42:47 Bracer
812508893
10:39 Feudal Age
11:07 Double-Bit Axe
11:04 Horse Collar
16:10 Castle Age
17:25 Bow Saw
17:17 Heavy Plow
18:06 Loom
25:24 Gold Mining
25:24 Stone Mining
26:12 Forging
26:44 Wheelbarrow
27:37 Marauders
28:33 Bloodlines
28:25 Husbandry
29:17 Hand Cart
31:34 Iron Casting
31:04 Scale Barding Armor
35:59 Imperial Age
34:00 Chain Barding Armor
34:43 Gold Shaft Mining
36:00 Caravan
36:31 Arson
36:46 Squires
36:07 Man-at-Arms
36:14 Elite Tarkan
37:16 Conscription
37:59 Blast Furnace
37:47 Plate Barding Armor
Connection lost

Rejoining the realm…

Still unreachable

The connection could not be restored.

Session expired

The server has moved on; the page needs a fresh start.